 Dungeon Crawl Stone Soup version 0.23-a0-667-gc184e93 (webtiles) character file.

828 Blackhawk the Skirmisher (level 7, 0/44 HPs)
             Began as a Gargoyle Fighter on Jan 8, 2019.
             Was an Initiate of Okawaru.
             Killed from afar by a dart slug (4 damage)
             ... with a slug dart
             ... on level 5 of the Dungeon.
             The game lasted 00:07:55 (4957 turns).

Blackhawk the Skirmisher (Gargoyle Fighter)         Turns: 4957, Time: 00:07:56

Health: 0/44       AC:  0    Str: 21    XL:     7   Next: 97%
Magic:  7/7        EV: 20    Int:  9    God:    Okawaru [......]
Gold:   131        SH:  0    Dex: 14    Spells: 6/6 levels left

rFire    . . .     SeeInvis .   (weapon currently unavailable)
rCold    . . .     Gourm    .   (shield currently unavailable)
rNeg     + . .     Faith    .   (armour currently unavailable)
rPois    ∞         Spirit   .   (helmet currently unavailable)
rElec    .         Reflect  .   (cloak currently unavailable)
rCorr    .         Harm     .   (gloves currently unavailable)
MR       .....                  (boots currently unavailable)
Stlth    +.........             (no amulet)
HPRegen  0.14/turn              (ring currently unavailable)
MPRegen  0.10/turn              (ring currently unavailable)

@: bat-form (expiring), flying, very quick
A: tiny, negative energy resistance 1, petrification resistance, rot immunity,
AC +4
a: Renounce Religion


You were on level 5 of the Dungeon.
You worshipped Okawaru.
Okawaru was noncommittal.
You were not hungry.
You were in bat-form.
You visited 1 branch of the dungeon, and saw 5 of its levels.

You collected 131 gold pieces.

Inventory:

Hand Weapons
 a - a +0 flail
 n - a +2 dagger of protection (melded)
Missiles
 u - 2 throwing nets (quivered)
Armour
 b - a +0 scale mail (melded)
 c - a +0 shield (melded)
 g - a +0 helmet (melded)
 l - a +0 cloak (melded)
 m - a +1 hat
Jewellery
 s - a +3 ring of slaying {unknown}
 v - an uncursed amulet of guardian spirit {unknown}
 y - a +2 ring of slaying {unknown}
Scrolls
 e - 3 scrolls of amnesia {unknown}
 h - 3 scrolls of blinking {unknown}
 i - a scroll of magic mapping {unknown}
 k - 5 scrolls of remove curse {unknown}
 o - 2 scrolls of identify {unknown}
 p - a scroll of random uselessness {unknown}
 q - 2 scrolls of noise {unknown}
 w - 3 scrolls of enchant armour {unknown}
Potions
 d - a potion of might
 j - 2 potions of agility {unknown}
 r - a potion of brilliance {unknown}
 t - 2 potions of curing {unknown}
 x - 2 potions of invisibility {unknown}
 A - 2 potions of berserk rage
Comestibles
 f - 5 rations
 z - 2 chunks of flesh


   Skills:
 + Level 5.3 Fighting
 + Level 4.2 Maces & Flails
 + Level 5.3 Armour
 + Level 2.9 Dodging
 + Level 5.3 Shields


You had 6 spell levels left.
You didn't know any spells.
Your spell library was empty.

Dungeon Overview and Level Annotations

Branches:
Dungeon (5/15)
 Temple: D:4-7

Altars:
Hepliaklqana
Kikubaaqudgha
Makhleb
Okawaru
Qazlal
Ru
Trog
Uskayaw
Xom
Zin

Annotations:
D:5 Dowan, Duvessa


Innate Abilities, Weirdness & Mutations

You are resistant to torment.
((Your stone body is resilient. (AC +4)))
You are immune to poison.
You resist negative energy. (rN+)
((You are resistant to electric shocks. (rElec)))
((You can survive without breathing.))
You are immune to petrification.
You are immune to rotting.


Message History

Duvessa is severely wounded.
Duvessa closely misses you.
You hit Duvessa but do no damage.
Duvessa is severely wounded.
You hear the rusting of a very distant drain.
Duvessa zaps a wand.
You hit Duvessa but do no damage.
Duvessa is severely wounded.
Duvessa misses you.
You hit Duvessa.
Duvessa is almost dead.
Duvessa zaps a wand.
You resist with some effort.
You hit Duvessa but do no damage.
Duvessa is almost dead.
Dowan generates a fountain of clear water, and laughs cruelly.
Dowan gestures wildly while chanting.
Dowan blinks!
Duvessa misses you. The dart slug launches a dart at you.
The slug dart hits you!
You die...

. .# .# ###.# .....
.... #.... .## #§.
..#.##..### #e#
#)..#≈≈.≈≈##
#.#b####...≈≈≈≈≈≈≈.
#......#.≈≈≈≈≈≈≈≈≈≈≈
###.#..#≈≈≈≈≈≈≈≈≈##≈
#......≈≈≈≈≈≈≈≈≈≈≈≈
....w...≈†≈≈≈#≈≈#≈≈≈≈
###.#..≈≈†≈≈≈≈≈≈≈≈≈.≈
#.#..≈#≈<..#).(≈≈#.
..#...≈≈..(..<.....
#.....≈≈≈≈)≈≈...≈≈..


You could see Duvessa and a dart slug.

Vanquished Creatures
  A water moccasin skeleton (D:4)
  A howler monkey (D:4)
  A crimson imp (D:3)
  2 centaur skeletons
  2 orc priests
  A bullfrog skeleton (D:4)
  A hound (D:5)
  Crazy Yiuf (D:3)
  4 orc wizards (D:3)
  An iguana (D:4)
  6 worker ants
  3 gnolls
  9 adders
  2 adder skeletons
  An adder zombie (D:5)
  2 worms
  7 dart slugs
  5 leopard geckos
  8 orcs
  4 giant cockroaches
  9 goblins
  4 hobgoblins
  10 jackals
  A quokka (D:3)
  A ball python (D:2)
  5 bats
  3 frilled lizards
  6 kobolds
  6 rats
107 creatures vanquished.

Notes
Turn   | Place    | Note
-------+----------+-------------------------------------------
     0 | D:1      | Blackhawk the Gargoyle Fighter began the quest for the Orb.
     0 | D:1      | Reached XP level 1. HP: 14/14 MP: 1/1
   290 | D:1      | Reached XP level 2. HP: 19/19 MP: 2/2
   478 | D:1      | Reached XP level 3. HP: 13/23 MP: 3/3
   928 | D:2      | Reached XP level 4. HP: 29/29 MP: 4/4
   969 | D:2      | Found a hazy altar of Hepliaklqana.
  1120 | D:1      | Reached skill level 1 in Dodging
  1497 | D:2      | Reached XP level 5. HP: 33/33 MP: 5/5
  2235 | D:3      | Found a burning altar of Makhleb.
  2236 | D:3      | Found a shimmering altar of Xom.
  2590 | D:3      | Found a runed door.
  2674 | D:3      | Noticed Crazy Yiuf
  2684 | D:3      | Killed Crazy Yiuf
  2684 | D:3      | Reached XP level 6. HP: 22/39 MP: 6/6
  3652 | D:4      | Reached XP level 7. HP: 44/44 MP: 7/7
  3700 | D:4      | HP: 1/44 [orc priest/divine providence (14)]
  3723 | D:3      | HP: 2/44 [orc wizard/puff of frost (2)]
  4050 | D:3      | Reached skill level 5 in Fighting
  4245 | D:4      | Reached skill level 5 in Armour
  4245 | D:4      | Reached skill level 5 in Shields
  4292 | D:4      | Found a bloodstained altar of Trog.
  4292 | D:4      | Found an iron altar of Okawaru.
  4354 | D:4      | Became a worshipper of Warmaster Okawaru
  4771 | D:4      | Found a sacrificial altar of Ru.
  4771 | D:4      | Found a hide-covered altar of Uskayaw.
  4776 | D:4      | Found an ancient bone altar of Kikubaaqudgha.
  4778 | D:4      | Found a glowing silver altar of Zin.
  4779 | D:4      | Found a stormy altar of Qazlal.
  4808 | D:5      | Entered Level 5 of the Dungeon
  4920 | D:5      | Noticed Duvessa
  4934 | D:5      | Noticed Dowan
  4957 | D:5      | Killed from afar by a dart slug

Vault maps used:
D:1:      wander_arrival_desolate
D:2:      lemuel_doored_altar
D:3:      grunt_temple_overflow_champion_of_chaos, first_ration,
          uniq_crazy_yiuf_cottage
D:4:      grunt_temple_overflow_bloody_war, chequers_temple_overflow_minitemple
D:5:      kennysheep_slugbush, portal_sewer_entry_d, chei_slow_surprise,
          uniq_duvessa, uniq_edmund

Skill      XL: |  1  2  3  4  5  6  7 |
---------------+----------------------+-----
Fighting       | 4 5 |  5.3
Armour         | 4 5 |  5.3
Dodging        | 1 2 |  2.9
Shields        | 4 5 |  5.3
Maces & Flails | 3 4 |  4.2

Action                   |  1- 3 |  4- 6 |  7- 9 || total
-------------------------+-------+-------+-------++-------
Melee: Flail             |    65 |       |       ||    65
       Dagger            |    73 |   446 |   241 ||   760
       Unarmed           |       |       |    26 ||    26
  Eat: Chunk             |       |     6 |     5 ||    11
       Ration            |       |     1 |       ||     1
Armor: Scale mail        |    86 |   305 |   166 ||   557
Dodge: Dodged            |    44 |   176 |   114 ||   334
Block: Shield            |    97 |   297 |   141 ||   535

Table legend:
 A = Non-vault XP
 B = Vault XP
 C = Vault XP percentage of total XP
 D = Non-vault monster count
 E = Vault monster count
 F = Vault count percentage of total count
                 A         B        C        D         E       F
            +---------+---------+-------+---------+---------+-------
      Total |    1069 |     114 |   9.6 |      99 |       8 |   7.5
            +---------+---------+-------+---------+---------+-------
        D:1 |      77 |       0 |   0.0 |      29 |       0 |   0.0
        D:2 |     129 |       0 |   0.0 |      17 |       0 |   0.0
        D:3 |     304 |      91 |  23.0 |      27 |       2 |   6.9
        D:4 |     442 |       3 |   0.7 |      22 |       1 |   4.3
        D:5 |     117 |      20 |  14.6 |       4 |       5 |  55.6
            +---------+---------+-------+---------+---------+-------
